 Dungeon Crawl Stone Soup version 0.21-a0-39-g28ea6b7 (webtiles) character file.

1141 TheGoonsmith the Conjurer (level 8, -1/41 HPs)
             Began as a Deep Elf Fire Elementalist on June 2, 2017.
             Slain by goofnerd's ghost (4 damage)
             ... on level 3 of the Dungeon.
             The game lasted 00:12:17 (5105 turns).

TheGoonsmith the Conjurer (DEFE)                    Turns: 5105, Time: 00:12:18

Health: -1/41      AC:  3    Str:  5    XL:     8   Next: 14%
Magic:  3/19       EV: 21    Int: 22    God:
Gold:   286        SH:  0    Dex: 21    Spells: 7/20 levels left

rFire    . . .     SeeInvis .   d - +1 short sword
rCold    . . .     Gourm    .   (no shield)
rNeg     . . .     Faith    .   a - +1 robe
rPois    .         Spirit   .   (no helmet)
rElec    .         Reflect  .   (no cloak)
rCorr    .         Harm     .   (no gloves)
MR       .....                  (no boots)
Stlth    +++.......             (no amulet)
Regen    0.2/turn               n - +3 ring of evasion
MPRegen  0.2/turn               (no ring)

@: agile
A: no striking features
a: no special abilities


You were on level 3 of the Dungeon.
You were very hungry.

You visited 2 branches of the dungeon, and saw 7 of its levels.

You collected 286 gold pieces.

Inventory:

Hand Weapons
 d - a +1 short sword (weapon)
Armour
 a - a +1 robe (worn)
Magical Staves
 u - an uncursed staff of summoning
Jewellery
 n - a +3 ring of evasion (left hand)
Wands
 g - a wand of acid (0/15)
 q - a wand of iceblast (0/15)
 w - a wand of polymorph (8/24)
Scrolls
 h - 8 scrolls of remove curse
 k - 2 scrolls of enchant armour
 v - 2 scrolls of fog
 y - a scroll of identify
 z - a scroll of blinking {unknown}
 A - 3 scrolls of enchant weapon
Potions
 f - 5 potions of curing {unknown}
 j - a potion of berserk rage {unknown}
 o - a potion of heal wounds {unknown}
 p - a potion of magic {unknown}
 r - a potion of mutation {unknown}
 s - a potion of cancellation {unknown}
 t - a potion of invisibility {unknown}
 x - a potion of might {unknown}
Books
 b - a book of Flames

   Spells                             Type                      Level
   a - Flame Tongue                   Conjuration/Fire             1
   b - Throw Flame                    Conjuration/Fire             2
   c - Conjure Flame                  Conjuration/Fire             3
   d - Inner Flame                    Hexes/Fire                   3
   e - Sticky Flame                   Conjuration/Fire             4
   f - Fireball                       Conjuration/Fire             5
Comestibles
 c - 4 bread rations
 i - a meat ration
 l - 3 royal jellies
 m - 4 fruits
 B - a chunk of flesh


   Skills:
 - Level 2.4 Dodging
 - Level 2.4 Stealth
 + Level 6.6 Spellcasting
 * Level 7.6 Conjurations
 + Level 6.3 Fire Magic


You had 7 spell levels left.
You knew the following spells:

 Your Spells              Type           Power        Failure   Level  Hunger
a - Flame Tongue          Conj/Fire      #####        1%          1    None
c - Conjure Flame         Conj/Fire      #####...     1%          3    #......
f - Fireball              Conj/Fire      #####.....   13%         5    #####..
s - Sticky Flame          Conj/Fire      #####...     4%          4    ###....


Dungeon Overview and Level Annotations

Branches:
Dungeon (6/15)             Temple (1/1) D:6

Altars:
Ashenzari
Cheibriados
Dithmenos
Elyvilon
Fedhas
Gozag
Hepliaklqana
Kikubaaqudgha
Nemelex Xobeh
Okawaru
Qazlal
Ru
Sif Muna
Trog
Uskayaw
Wu Jian
Xom
Yredelemnul
Zin
The Shining One

Annotations:
D:3 goofnerd's ghost, amateur GrFi


Message History

Casting: Flame Tongue
Confirm with . or Enter, or press ? or * to list all spells.
Aiming: Flame Tongue
Press: ? - help, Shift-Dir - straight line, f/p - goofnerd's ghost
Aim: goofnerd's ghost (severely damaged)
The flame tongue hits goofnerd's ghost.
Goofnerd's ghost is almost destroyed.
Goofnerd's ghost closely misses you.
Casting: Flame Tongue
Confirm with . or Enter, or press ? or * to list all spells.
Aiming: Flame Tongue
Press: ? - help, Shift-Dir - straight line, f/p - goofnerd's ghost
Aim: goofnerd's ghost (almost destroyed)
The flame tongue hits goofnerd's ghost.
Goofnerd's ghost appears unharmed.
Goofnerd's ghost is almost destroyed.
Goofnerd's ghost hits you!
* * * LOW HITPOINT WARNING * * *
You feel agile all of a sudden. Goofnerd's ghost hits you.
You die...

.........#..)#...#.#.....#
###.#............#.###.#####
....####(..(...(.#.###.....#
#####......#.#.........###.#
........#..#.#.###.##.## #.#
........#..#.#.....#...###.#
........#..#.#.#####..(....#
........#..#.#######..######
........#..#....@W.....#
........#..###########.#
........#..# #.#
##'##.###..# #.# #.##.# #..#
#.# #..#.###..###########.#
##.................(..#
#...##################
#...).......#


You could see goofnerd's ghost.

Vanquished Creatures
  An orc warrior (D:5)
  A sky beast (D:5)
  A phantom (D:5)
  An ogre (D:4)
  A centaur (D:6)
  2 scorpions
  A howler monkey (D:6)
  2 crimson imps
  2 hounds
  2 orc wizards
  A bullfrog skeleton (D:5)
  Terence (D:2)
  An iguana (D:5)
  3 worker ants
  A killer bee zombie (D:5)
  4 gnolls
  6 adders
  An ooze (D:1)
  An adder skeleton (D:4)
  2 worms
  3 dart slugs (D:1)
  4 leopard geckos
  10 orcs
  3 bats (D:2)
  3 giant cockroaches
  6 goblins
  4 hobgoblins
  7 jackals (D:2)
  2 quokkas
  2 ball pythons
  5 frilled lizards
  10 kobolds
  2 rats
96 creatures vanquished.

Notes
Turn   | Place    | Note
-------+----------+-------------------------------------------
     0 | D:1      | TheGoonsmith the Deep Elf Fire Elementalist began the quest for the Orb.
     0 | D:1      | Reached XP level 1. HP: 10/10 MP: 6/6
   177 | D:1      | Reached XP level 2. HP: 15/15 MP: 1/8
   277 | D:1      | Reached skill level 2 in Conjurations
   372 | D:1      | Reached XP level 3. HP: 19/19 MP: 2/9
   882 | D:2      | Reached skill level 3 in Conjurations
   962 | D:2      | Noticed Terence
   968 | D:2      | Killed Terence
   968 | D:2      | Reached XP level 4. HP: 18/24 MP: 6/11
  1436 | D:2      | Reached skill level 4 in Conjurations
  1471 | D:2      | Reached XP level 5. HP: 28/28 MP: 4/13
  1835 | D:3      | Found a shattered altar of Ashenzari.
  2082 | D:3      | Learned a level 4 spell: Sticky Flame
  2086 | D:3      | Learned a level 3 spell: Conjure Flame
  2363 | D:3      | Noticed goofnerd's ghost (amateur GrFi)
  2736 | D:4      | Noticed a dagger
  2736 | D:4      | Noticed a dagger
  2739 | D:4      | Found a hide-covered altar of Uskayaw.
  2837 | D:4      | Found an iron altar of Okawaru.
  2841 | D:4      | Noticed an ogre
  2851 | D:4      | Killed an ogre
  2851 | D:4      | Reached skill level 5 in Conjurations
  2851 | D:4      | Reached XP level 6. HP: 14/32 MP: 5/14
  3159 | D:4      | Found a sacrificial altar of Ru.
  3466 | D:4      | Found a faded altar of an unknown god.
  3466 | D:4      | Found a glowing silver altar of Zin.
  3472 | D:4      | Reached skill level 5 in Fire Magic
  3477 | D:4      | Found a faded altar of an unknown god.
  3479 | D:4      | Found a stormy altar of Qazlal.
  3480 | D:4      | Found a shimmering altar of Xom.
  3665 | D:5      | Entered Level 5 of the Dungeon
  3672 | D:5      | Learned a level 5 spell: Fireball
  3688 | D:5      | Reached skill level 5 in Spellcasting
  3797 | D:5      | Noticed an orc warrior
  3804 | D:5      | Killed an orc warrior
  3804 | D:5      | Reached XP level 7. HP: 36/36 MP: 5/17
  3807 | D:5      | Reached skill level 6 in Conjurations
  4043 | D:5      | Found an ancient bone altar of Kikubaaqudgha.
  4437 | D:5      | Reached skill level 7 in Conjurations
  4788 | D:6      | Found a sacrificial altar of Ru.
  4832 | D:6      | Found a staircase to the Ecumenical Temple.
  4841 | Temple   | Entered the Ecumenical Temple
  4902 | D:6      | Reached XP level 8. HP: 27/41 MP: 15/19
  4927 | D:6      | Found a snail-covered altar of Cheibriados.
  4975 | D:6      | Found a hazy altar of Hepliaklqana.
  4995 | D:6      | Found an opulent altar of Gozag.
  5105 | D:3      | Slain by goofnerd's ghost

Vault maps used:
D:1:      minmay_arrival_stair_chambers
D:2:      serial_forest, infiniplex_forest_straight_2,
          infiniplex_forest_lined_corner, infiniplex_forest_clump_long,
          infiniplex_forest_clump_diagonal, infiniplex_forest_clump_small,
          uniq_terence
D:3:      ashenzari_altar_1
D:4:      dancing_weapons_uskayaw, okawaru_trees_1,
          chequers_temple_overflow_minitemple, first_bread,
          nicolae_ru_awakened_eye
D:5:      overflow_temple_1_default
D:6:      nicolae_gozag_seed_capital, kennysheep_little_box,
          lemuel_coloured_pillars_altar, kennysheep_mini,
          lemuel_temple_firewalk_b, solitary_fountain
Temple:   jpeg_temple_island

Skill      XL: |  1  2  3  4  5  6  7 |
---------------+----------------------+-----
Conjurations   | 2 3 4 5 7 |  7.6
Fire Magic     | 4 5 6 |  6.3
Spellcasting   | 4 5 6 |  6.6
Dodging        | |  2.4
Stealth        | |  2.4

Action                   |  1- 3 |  4- 6 |  7- 9 || total
-------------------------+-------+-------+-------++-------
Melee: Unarmed           |     8 |       |       ||     8
       Short sword       |     3 |     3 |    38 ||    44
 Cast: Flame Tongue      |    52 |   115 |    56 ||   223
       Sticky Flame      |       |     3 |     3 ||     6
       Conjure Flame     |       |     1 |       ||     1
       Fireball          |       |       |     3 ||     3
Evoke: Wand              |       |       |     5 ||     5
  Use: Scroll            |       |     6 |     3 ||     9
       Potion            |       |       |     1 ||     1
  Eat: Chunk             |       |     8 |       ||     8
       Meat ration       |       |       |     1 ||     1
Armor: Robe              |     7 |     3 |     4 ||    14
Dodge: Dodged            |    19 |    32 |    40 ||    91
